 Dungeon Crawl Stone Soup version 0.21-a0-221-gfe971b9 (console) character file.

98714 removed the Nimble (level 16, 0/112 (116) HPs)
             Began as a Halfling Wanderer on Aug 25, 2017.
             Was a High Priest of Ru.
             Succumbed to a redback's poison
             ... on level 1 of the Spider Nest.
             The game lasted 01:08:07 (27927 turns).

removed the Nimble (Halfling Wanderer)             Turns: 27927, Time: 01:08:08

HP:   0/112 (116)   AC: 18    Str: 22      XL:     16   Next: 74%
MP:   0/18          EV: 29    Int:  6 (8)  God:    Ru [*****.]
Gold: 2025          SH:  0    Dex: 17      Spells: 18/18 levels left

rFire    . . .     SeeInvis .   a - +4 lajatang (vamp)
rCold    + . .     Gourm    .   (shield currently unavailable)
rNeg     . . .     Faith    .   Q - +4 ring mail of Untruth {rElec rPois Regen+ Stlth+}
rPois    +         Spirit   +   R - +1 hat
rElec    +         Reflect  .   g - +0 cloak
rCorr    .         Harm     .   q - +1 pair of gloves {Str+3}
MR       +....                  X - +0 pair of boots
Stlth    ++........             Y - amulet of guardian spirit
HPRegen  0.68/turn              e - ring of protection from cold
MPRegen  0.16/turn              k - +4 ring of evasion

@: lethally poisoned (0 -> -31), slowed, very slow
A: mutation resistance 1, inability to use devices, hated by all, no air magic,
no charms magic, no transmutations magic, disrupted magic 1
a: Draw Out Power, Power Leap, Apocalypse, Renounce Religion


You were on level 1 of the Spider Nest.
You worshipped Ru.
Ru was extremely pleased with you.
You were hungry.

You visited 4 branches of the dungeon, and saw 24 of its levels.
You also visited: Ice Cave.

You collected 2914 gold pieces.
You spent 889 gold pieces at shops.

Inventory:

Hand Weapons
 a - a +4 vampiric lajatang (weapon)
 b - a +0 blowgun
 V - a +6 lajatang
Missiles
 E - 8 curare-tipped needles
 T - a throwing net (quivered)
Armour
 g - a +0 cloak (worn)
 q - a +1 pair of gloves of strength (worn)
 Q - the +4 ring mail of Untruth (worn) {rElec rPois Regen+ Stlth+}
   (You found it on level 9 of the Dungeon)

   It insulates you from electricity.
   It protects you from poison.
   It increases your rate of regeneration.
   It makes you more stealthy.
 R - a +1 hat (worn)
 U - a +5 plate armour of fire resistance
 X - a +0 pair of boots (worn)
Jewellery
 e - a ring of protection from cold (left hand)
 i - an uncursed ring of protection from fire
 k - a +4 ring of evasion (right hand)
 v - an uncursed ring of protection from cold
 A - an uncursed ring of positive energy
 S - an uncursed ring of protection from fire
 Y - an amulet of guardian spirit (around neck)
Scrolls
 c - 2 scrolls of fog
 h - 4 scrolls of identify
 l - 3 scrolls of blinking
 n - 3 scrolls of fear
 t - 9 scrolls of remove curse
 B - a scroll of amnesia
 L - a scroll of magic mapping
 P - 5 scrolls of teleportation
Potions
 o - 7 potions of lignification
 p - 6 potions of haste
 r - 10 potions of flight
 s - 9 potions of curing
 x - a potion of invisibility
 z - 3 potions of mutation
 C - a potion of resistance
 D - 2 potions of brilliance
 F - 5 potions of cancellation
 J - a potion of might
 K - 4 potions of agility
 M - a potion of magic
 N - 3 potions of heal wounds
 O - a potion of ambrosia
Comestibles
 f - 13 bread rations
 j - 12 meat rations
 w - 16 fruits
 W - 5 royal jellies


   Skills:
 - Level 12.7 Fighting
 - Level 14.0 Staves
 - Level 1.0 Throwing
 - Level 13.2 Armour
 + Level 14.7 Dodging
 - Level 1.1 Stealth
   Level 1.1 Shields
 - Level 1.0 Unarmed Combat
 - Level 1.5 Spellcasting
   Level 1.1 Translocations


You had 18 spell levels left.
You didn't know any spells.

Dungeon Overview and Level Annotations

Branches:
Dungeon (15/15)            Temple (0/1) D:6            Lair (6/6) D:11
  Swamp (0/4) Lair:3       Spider (1/4) Lair:3          Orc (2/2) D:12
    Elf (0/3) Orc:2        Vaults (0/5) D:14         Depths (0/5) D:15
  Slime: Lair:5-6

Altars:
Dithmenos
Elyvilon
Fedhas
Makhleb
Qazlal
Ru
Xom
Yredelemnul
Zin

Shops:
D:5 (   Orc:2 ([*=

Portals:
Hell: Lair:6

Annotations:
Lair:3 exclusion: oklob plant
Lair:6 exclusion: 2 oklob plants
Orc:1 2 runed doors, exclusion: orange crystal statue
Abyss:1 Louise


Innate Abilities, Weirdness & Mutations

You are small and have problems with some larger weapons.
You are somewhat resistant to further mutation.
You cannot study or use magical devices.
You are hated by all.
You cannot study or cast Air magic.
You cannot study or cast Charms magic.
You cannot study or cast Transmutations magic.
Your casting is slightly disrupted.


Message History

The redback is stunned by your will and fails to attack.
Unknown command.
You feel sick. Something misses you. Something hits you!
* * * LOW HITPOINT WARNING * * *
Something misses you. The redback bites you.
* * * LOW HITPOINT WARNING * * *
You are lethally poisoned!
The redback poisons you!
Unknown command.
* * * LOW HITPOINT WARNING * * *
You feel extremely sick.
You feel you are being watched by something.
You feel your power leaking away. The redback misses you.
The redback is stunned by your will and fails to attack.
You feel you are being watched by something.
Something misses you. Something closely misses you.
Something stings you but does no damage.
The redback completely misses you.
You die...

.#.....#...#..#.#..#
.#.s##..#.#.......##
..#......#.#.#.....##
........#.......#...##
#....#.#.w.)#.#......
#.##...#...#....#.#..
#..^.#..ss.#.#..# .
#...#...s.#.#....#
###...#.@.#...#.#..#
#..>.#...#..#...#..#
#.....#...#..#.#....
#..#.#..†#.#>...#....
##..#....>....#.#≈≈##
##..#†.......##≈≈
#≈#.††.#.#.#.# #≈
##......<.#.##
#≈≈.≈#######


You could see a torpor snail, a wolf spider (sleeping), a jumping spider and 2
redbacks.

Vanquished Creatures
  Gastronok (Lair:3)
  Kirke (D:13)
  A frost giant (IceCv)
  An orc warlord (Orc:2)
  An ettin (D:15)
  An ogre mage (D:15)
  Erolcha (D:10)
  8 hydras
  A hell beast (Lair:6)
  10 two-headed ogres
  A death knight (D:15)
  An orc high priest (Orc:2)
  2 death yaks
  A tengu warrior (D:15)
  Urug (Lair:4)
  Nergalle (Lair:3)
  Sonja (D:10)
  7 skeletal warriors
  A death drake (shapeshifter) (D:10)
  An unseen horror (D:10)
  A wizard (Lair:6)
  Pikel (D:7)
  A phantasmal warrior (D:15)
  8 orc knights
  7 cyclopes
  3 orc sorcerers (Orc:2)
  A manticore (D:9)
  2 ugly things
  Maurice (D:10)
  12 elephants
  An ice statue (IceCv)
  6 black mambas
  2 gargoyles
  A smoke demon (Lair:6)
  6 spiny frogs
  A torpor snail (Lair:3)
  4 orange demons (Lair:6)
  4 kobold demonologists (D:15)
  8 rime drakes
  A centaur skeleton (D:14)
  3 komodo dragons
  2 efreet
  A yaktaur (shapeshifter) (D:14)
  2 ice devils (Lair:6)
  2 demonic crawlers (Spider:1)
  2 jumping spiders (Spider:1)
  2 tengu conjurers (D:15)
  6 trolls
  16 polar bears
  7 blink frogs (Lair:6)
  16 hippogriffs
  2 hornets
  Prince Ribbit (D:7)
  6 dream sheep (Lair:6)
  A meliai zombie (D:10)
  A bog body (Lair:3)
  4 slime creatures (D:12)
  A vampire (D:13)
  A tarantella (Spider:1)
  A spriggan (shapeshifter) (D:13)
  A tarantella (shapeshifter) (D:15)
  2 shadows (D:13)
  61 yaks
  3 hogs (D:13)
  4 redbacks (Spider:1)
  3 wyverns
  2 wraiths
  Eustachio (D:5)
  A basilisk (Lair:4)
  2 humans (D:13)
  A hungry ghost (D:13)
  2 vampire mosquitoes (D:15)
  2 steam dragons
  6 swamp worms (Lair:3)
  2 wargs
  A soldier ant (shapeshifter) (D:14)
  13 water moccasins
  A soldier ant (D:14)
  An acid dragon (D:13)
  3 hell hounds (Lair:6)
  4 porcupines
  10 black bears
  4 ice beasts
  Duvessa (D:7)
  3 sky beasts
  13 ogres
  30 orc warriors
  A necrophage (D:10)
  A hornet zombie (D:14)
  5 phantoms
  5 centaurs
  18 wolves
  11 crocodiles
  2 big kobolds
  14 bullfrogs
  Dowan (D:7)
  A water moccasin zombie (D:8)
  2 gnoll sergeants
  6 scorpions
  A wyvern skeleton (D:14)
  11 wights
  The ghost of p0werm0de the Ducker, a weakling DgWn (D:4)
  5 killer bees (D:10)
  An electric eel (Lair:6)
  7 crimson imps
  5 howler monkeys
  4 centaur zombies
  2 quasits
  5 bullfrog zombies
  5 jellies
  9 orc priests
  9 hounds
  14 orc wizards
  An iguana (D:4)
  12 worker ants
  2 hound skeletons (D:5)
  A howler monkey zombie (D:10)
  2 worker ant zombies
  12 gnolls
  23 adders
  5 shadow imps
  2 oozes
  2 adder skeletons
  4 worms
  A dart slug (D:3)
  4 leopard geckos
  69 orcs
  3 giant cockroaches
  2 hobgoblins
  6 jackals
  6 quokkas
  2 ball pythons
  7 bats
  3 frilled lizards
  8 goblins
  18 kobolds
  2 quokka skeletons
  A quokka zombie (D:5)
  7 rats
  A fungus (Orc:2)
  A plant (Lair:2)
721 creatures vanquished.

Vanquished Creatures (others)
  A hydra (Lair:4)
  A two-headed ogre (D:15)
  A spiny frog (Lair:2)
  A slime creature (D:12)
  A yak (IceCv)
  A wolf (IceCv)
  A crocodile (Lair:6)
  An electric eel (Lair:3)
  An orc (Orc:1)
  A kobold (D:15)
  12 fungi
  7 plants (Lair:6)
29 creatures vanquished.

Grand Total: 750 creatures vanquished

Notes
Turn   | Place    | Note
-------+----------+-------------------------------------------
     0 | D:1      | removed the Halfling Wanderer began the quest for the Orb.
     0 | D:1      | removed set off with: a scroll of blinking, a scroll of fear, the Disquisition on Displacement, a +0 robe, a +0 club, a bread ration
     0 | D:1      | Reached XP level 1. HP: 14/14 MP: 3/3
     0 | D:1      | Identified the Disquisition on Displacement
   896 | D:1      | Reached XP level 2. HP: 20/20 MP: 4/4
  1237 | D:1      | Reached XP level 3. HP: 22/25 MP: 5/5
  1997 | D:2      | Reached XP level 4. HP: 30/32 MP: 6/6
  3052 | D:3      | Found a stormy altar of Qazlal.
  3148 | D:3      | Reached XP level 5. HP: 37/37 MP: 7/7
  3457 | D:3      | Reached skill level 1 in Staves
  3785 | D:4      | Found a glowing silver altar of Zin.
  3881 | D:4      | Noticed p0werm0de's ghost (weakling DgWn)
  3899 | D:4      | Killed p0werm0de's ghost
  3899 | D:4      | Reached XP level 6. HP: 23/43 MP: 8/8
  4377 | D:4      | Noticed a hippogriff
  4386 | D:4      | Killed a hippogriff
  4386 | D:4      | Reached XP level 7. HP: 48/48 MP: 9/9
  4452 | D:4      | Found a basalt altar of Yredelemnul.
  4616 | D:4      | Found a white marble altar of Elyvilon.
  4668 | D:4      | Found a basalt altar of Yredelemnul.
  4746 | D:5      | Entered Level 5 of the Dungeon
  5027 | D:5      | Reached skill level 5 in Staves
  5053 | D:5      | Noticed Eustachio
  5061 | D:5      | Found a sacrificial altar of Ru.
  5077 | D:5      | Became a worshipper of Ru the Awakened
  5120 | D:5      | Found Xuk Yvvye's Antique Weapon Shop.
  5586 | D:5      | Reached XP level 8. HP: 38/54 MP: 10/10
  6077 | D:5      | Killed Eustachio
  6595 | D:5      | Gained mutation: You cannot study or cast Air magic. [Ru sacrifice]
  6595 | D:5      | Gained mutation: You cannot study or cast Transmutations magic. [Ru sacrifice]
  6595 | D:5      | Gained mutation: You cannot study or cast Charms magic. [Ru sacrifice]
  6595 | D:5      | Reached * piety under Ru
  7158 | D:6      | Reached XP level 9. HP: 58/58 MP: 11/11
  7759 | D:6      | Found a staircase to the Ecumenical Temple.
  7875 | D:7      | Noticed Pikel
  7938 | D:7      | Noticed Dowan
  7973 | D:7      | Noticed Duvessa
  7986 | D:7      | Killed Duvessa
  7989 | D:7      | Killed Dowan
  8352 | D:7      | Noticed a hippogriff
  8383 | D:6      | Killed a hippogriff
  8611 | D:7      | Reached skill level 10 in Staves
  8801 | D:7      | Killed Pikel
  8801 | D:7      | Reached XP level 10. HP: 64/64 MP: 12/12
  8887 | D:7      | Noticed Prince Ribbit
  8896 | D:7      | Killed Prince Ribbit
  9053 | D:7      | Found a blossoming altar of Fedhas.
  9173 | D:8      | Noticed a cyclops
  9179 | D:8      | Killed a cyclops
  9827 | D:8      | Noticed a gargoyle
  9847 | D:8      | Killed a gargoyle
 10194 | D:9      | Got a bloodstained ring mail
 10209 | D:8      | Identified the +4 ring mail of Untruth {rElec rPois Regen+ Stlth+} (You found it on level 9 of the Dungeon)
 10380 | D:9      | Reached XP level 11. HP: 69/69 MP: 13/13
 10390 | D:9      | Noticed a manticore
 10400 | D:9      | Killed a manticore
 10598 | D:9      | Noticed a two-headed ogre
 10605 | D:9      | Killed a two-headed ogre
 10882 | D:10     | Entered Level 10 of the Dungeon
 10882 | D:10     | Noticed Maurice
 10886 | D:10     | Killed Maurice
 10886 | D:10     | Reached skill level 5 in Fighting
 11052 | D:10     | Noticed Erolcha
 11069 | D:10     | Noticed a skeletal warrior
 11134 | D:9      | Killed a skeletal warrior
 11252 | D:10     | Killed Erolcha
 11360 | D:10     | Noticed a death drake
 11372 | D:10     | Killed a death drake
 11372 | D:10     | Reached skill level 5 in Dodging
 11443 | D:10     | Noticed a two-headed ogre
 11444 | D:10     | Noticed a cyclops
 11457 | D:10     | Killed a two-headed ogre
 11475 | D:10     | Killed a cyclops
 11475 | D:10     | Reached XP level 12. HP: 77/77 MP: 14/14
 11493 | D:10     | Noticed Sonja
 11509 | D:10     | Killed Sonja
 11605 | D:10     | Killed an unseen horror
 12075 | D:10     | Noticed a two-headed ogre
 12144 | D:10     | Killed a two-headed ogre
 12853 | D:11     | Found a staircase to the Lair.
 13181 | Lair:1   | Entered Level 1 of the Lair of Beasts
 13218 | Lair:1   | Gained mutation: You are hated by all. [Ru sacrifice]
 13218 | Lair:1   | Reached ** piety under Ru
 14505 | Lair:2   | Reached XP level 13. HP: 46/82 MP: 10/15
 14525 | Lair:2   | Noticed a four-headed hydra
 14714 | Lair:2   | Gained mutation: Your casting is slightly disrupted. [Ru sacrifice]
 14714 | Lair:2   | Reached *** piety under Ru
 15097 | Lair:3   | Noticed Nergalle
 15313 | Lair:3   | Noticed Gastronok
 15379 | Lair:2   | Killed a four-headed hydra
 15442 | Lair:3   | Killed Gastronok
 15749 | Lair:3   | Reached skill level 5 in Armour
 16088 | Lair:3   | Killed Nergalle
 16155 | Lair:3   | Found a hole to the Spider Nest.
 16278 | Lair:3   | Found a staircase to the Swamp.
 16311 | Lair:3   | Reached skill level 10 in Dodging
 16960 | Lair:4   | Got a shimmering leather armour
 16971 | Lair:4   | Identified the cursed +0 leather armour of Saagom {*Drain rPois Regen+ Str+8} (You found it on level 4 of the Lair of Beasts)
 16992 | Lair:4   | Noticed Urug
 17023 | Lair:4   | Killed Urug
 17028 | Lair:4   | Reached XP level 14. HP: 42/93 MP: 7/16
 17409 | Lair:4   | Found the +11 plutonium sword {*Contam Stlth-}
 18431 | Lair:6   | Entered Level 6 of the Lair of Beasts
 19207 | Lair:6   | Reached skill level 10 in Fighting
 19938 | Lair:6   | Found a burning altar of Makhleb.
 20417 | Lair:6   | Found a gateway to Hell.
 20482 | Lair:6   | Reached XP level 15. HP: 94/102 MP: 15/17
 21237 | D:12     | Found a staircase to the Orcish Mines.
 21898 | Orc:1    | Entered Level 1 of the Orcish Mines
 21997 | Orc:1    | Found a runed door.
 22014 | Orc:1    | Found the +10 large shield of Ignorance {rN+ Int-4}
 22019 | Orc:1    | Found a runed door.
 22136 | Orc:1    | Found a frozen archway.
 22146 | IceCv    | Entered an ice cave
 22500 | IceCv    | Reached skill level 10 in Armour
 22859 | IceCv    | Noticed a frost giant
 22939 | IceCv    | Killed a frost giant
 23638 | Orc:2    | Entered Level 2 of the Orcish Mines
 23639 | Orc:2    | Found Mawer's Antique Armour Shoppe.
 23764 | Orc:2    | Paralysed by an orc sorcerer for 5 turns
 24053 | Orc:2    | Found Oskewnu's Jewellery Boutique.
 24106 | Orc:2    | Found Ozail's General Store.
 24214 | Orc:2    | Noticed an orc warlord
 24237 | Orc:2    | Killed an orc warlord
 24264 | Orc:2    | Bought a scroll of enchant weapon for 105 gold pieces
 24430 | Orc:2    | Found Zeax's Antique Weapon Boutique.
 24748 | Orc:2    | Found a staircase to the Elven Halls.
 24830 | Orc:2    | Bought a glowing lajatang for 612 gold pieces
 24850 | Orc:2    | Bought a pair of glowing gloves for 172 gold pieces
 24979 | D:13     | Reached XP level 16. HP: 112/112 MP: 11/18
 25128 | D:13     | Found a shadowy altar of Dithmenos.
 25493 | D:13     | Noticed Kirke
 25514 | D:13     | Killed Kirke
 25869 | D:14     | Found a shimmering altar of Xom.
 25870 | D:14     | Found a shimmering altar of Xom.
 25870 | D:14     | Found a shimmering altar of Xom.
 25870 | D:14     | Found a shimmering altar of Xom.
 25871 | D:14     | Found a shimmering altar of Xom.
 25871 | D:14     | Found a shimmering altar of Xom.
 25881 | D:14     | Found a shimmering altar of Xom.
 26005 | D:14     | Found a gate to the Vaults.
 26557 | D:15     | Entered Level 15 of the Dungeon
 26655 | D:15     | Gained mutation: You cannot study or use magical devices. [Ru sacrifice]
 26655 | D:15     | Reached **** piety under Ru
 26655 | D:15     | Reached ***** piety under Ru
 26825 | D:15     | Got a fine hand crossbow
 26985 | D:15     | Found a staircase to the Depths.
 27440 | D:15     | Paralysed by an ogre mage for 7 turns
 27847 | Spider:1 | Entered Level 1 of the Spider Nest
 27882 | Spider:1 | Noticed Louise
 27891 | Spider:1 | Banished Louise
 27926 | Spider:1 | HP: 4/112 [poisoned by a redback]
 27927 | Spider:1 | Succumbed to a redback's poison

Vault maps used:
D:1:      tarquinn_simple_flora_water_f, st_stairs_9
D:2:      kennysheep_big_empty_room
D:3:      nicolae_qazlal_general_emergency, first_bread
D:4:      zin_scriptorium, kennysheep_ying_yang, yredelemnul_altar_generic
D:5:      old_standard_altar, serial_shops, nicolae_shop_behind_doors,
          item_on_display_a, uniq_eustachio
D:6:      minmay_temple_entry_fiery
D:7:      basic_altar, uniq_pikel, uniq_duvessa, uniq_prince_ribbit1
D:10:     hangedman_cross_cluster, grunt_ogre_cave, uniq_maurice, uniq_sonja,
          uniq_erolcha
D:11:     minivault_5
D:12:     orc_0_dummy
D:13:     basic_altar, uniq_kirke
D:14:     david_vaults_4, infiniplex_staircase_river, grunt_ministairs_6,
          xom_redecorated
D:15:     hangedman_depths_entry_civil_slaughter, minmay_crystal_room
Lair:2:   serial_bayou_shore_b, serial_bayou_shore_a, lemuel_fruit_fields
Lair:3:   beast_lair_carwin_large_3, nicolae_swamp_entry_splash_gauntlet,
          nicolae_spider_entry_non_spiders, grunt_megastairs_2, uniq_gastronok,
          uniq_nergalle
Lair:4:   uniq_urug
Lair:5:   serial_bayou_shore_b
Lair:6:   evil_forest, minmay_slime_entry_oklob_enclosed, serial_bayou_lake_a
Spider:1: uniq_louise
Orc:1:    portal_ice_cave_entry_pillars_1, chequers_guarded_unrand_ignorance
Orc:2:    grunt_orc_gardens, grunt_orc_garden, grunt_orc_garden,
          grunt_orc_garden, grunt_orc_garden
IceCv:    ice_cave_caverns_03

Skill      XL: |  1  2  3  4  5  6  7  8  9 10 11 12 13 14 15 16 |
---------------+-------------------------------------------------+-----
Fighting       | 2 3 4 7 9 11 12 | 12.7
Staves         | 2 4 5 7 10 11 12 13 14 | 14.0
Armour         | 4 6 9 10 13 | 13.2
Dodging        | 4 6 8 11 12 14 | 14.7
Throwing       | |  1.0
Stealth        | |  1.1
Shields        | |  1.1
Unarmed Combat | |  1.0
Spellcasting   | |  1.5
Translocations | |  1.1

Action                   |  1- 3 |  4- 6 |  7- 9 | 10-12 | 13-15 | 16-18 || total
-------------------------+-------+-------+-------+-------+-------+-------++-------
Melee: Club              |   137 |       |       |       |       |       ||   137
       Mace              |    16 |    46 |       |       |       |       ||    62
       Trident           |       |    35 |       |       |       |       ||    35
       Lajatang          |       |    80 |   324 |   638 |  1455 |   437 ||  2934
 Fire: Blowgun           |       |       |       |       |     3 |       ||     3
Invok: Sacrifice Arcana  |       |       |     1 |       |       |       ||     1
       Reject Sacrifices |       |       |       |     1 |     2 |       ||     3
       Sacrifice Love    |       |       |       |     1 |       |       ||     1
       Sacrifice Essence |       |       |       |       |     1 |       ||     1
       Sacrifice Artific |       |       |       |       |       |     1 ||     1
Evoke: Wand              |       |       |       |    16 |    18 |     3 ||    37
  Use: Scroll            |       |     6 |    12 |    10 |    14 |     6 ||    48
       Potion            |       |     1 |       |     3 |     2 |       ||     6
 Stab: Sleeping          |     2 |     4 |       |     7 |     2 |     3 ||    18
       Distracted        |       |       |       |     3 |     9 |     3 ||    15
       Paralysed         |       |       |       |     2 |       |     2 ||     4
       Invisible         |       |       |       |       |     5 |     1 ||     6
       Confused          |       |       |       |       |     3 |     1 ||     4
  Eat: Chunk             |     4 |     7 |    15 |    18 |    32 |     7 ||    83
       Royal jelly       |       |       |       |       |     1 |       ||     1
       Bread ration      |       |       |       |       |     2 |       ||     2
Armor: Robe              |    33 |    19 |    13 |       |       |       ||    65
       Skin              |       |     5 |       |    10 |       |       ||    15
       Chain mail        |       |       |   145 |       |       |       ||   145
       Ring mail         |       |       |       |   178 |   314 |    63 ||   555
Dodge: Dodged            |   132 |   117 |   168 |   434 |  1292 |   401 ||  2544
Block: Other             |    16 |    21 |    36 |     5 |       |       ||    78

Table legend:
 A = Spawn XP
 B = Non-spawn XP
 C = Spawn XP percentage of total XP
 D = Spawn monster count
 E = Non-spawn monster count
 F = Spawn count percentage of total count
 G = Total turns spent on level
                    A         B        C        D         E        F      G
               +---------+---------+-------+---------+---------+-------+---------
         Total |   17660 |  123360 |  12.5 |      92 |     632 |  12.7 | 27927
               +---------+---------+-------+---------+---------+-------+---------
           D:1 |       5 |      34 |  12.8 |       5 |      19 |  20.8 |  1282
           D:2 |       6 |      72 |   7.7 |       2 |      10 |  16.7 |  1672
           D:3 |      14 |      41 |  25.5 |       2 |      16 |  11.1 |   897
           D:4 |     281 |     233 |  54.7 |       3 |      17 |  15.0 |   997
           D:5 |     299 |     427 |  41.2 |       8 |      11 |  42.1 |  1735
           D:6 |     373 |    1140 |  24.7 |      10 |      19 |  34.5 |  1694
           D:7 |     132 |    2036 |   6.1 |       2 |      26 |   7.1 |   843
           D:8 |     229 |    2259 |   9.2 |       4 |      26 |  13.3 |  1085
           D:9 |     941 |    2034 |  31.6 |       3 |      16 |  15.8 |   874
          D:10 |     131 |    8700 |   1.5 |       3 |      52 |   5.5 |  1297
          D:11 |       0 |    3257 |   0.0 |       0 |      21 |   0.0 |   918
          D:12 |    1161 |    8222 |  12.4 |       4 |      27 |  12.9 |  1184
          D:13 |     644 |    7888 |   7.5 |       3 |      34 |   8.1 |   809
          D:14 |       0 |    7286 |   0.0 |       0 |      26 |   0.0 |   809
          D:15 |    4325 |   10615 |  28.9 |       7 |      28 |  20.0 |  1133
        Lair:1 |       0 |    1307 |   0.0 |       0 |      10 |   0.0 |   985
        Lair:2 |     696 |    3926 |  15.1 |       5 |      17 |  22.7 |  1122
        Lair:3 |    3627 |   10687 |  25.3 |      10 |      47 |  17.5 |  1726
        Lair:4 |       0 |    5072 |   0.0 |       0 |      16 |   0.0 |   796
        Lair:5 |    2850 |    1824 |  61.0 |       6 |       7 |  46.2 |   820
        Lair:6 |     647 |   19874 |   3.2 |       4 |      59 |   6.3 |  2122
      Spider:1 |       0 |    2227 |   0.0 |       0 |      10 |   0.0 |    80
         Orc:1 |       0 |    2052 |   0.0 |       0 |      23 |   0.0 |   836
         Orc:2 |    1299 |   11206 |  10.4 |      11 |      54 |  16.9 |  1149
         IceCv |       0 |   10941 |   0.0 |       0 |      41 |   0.0 |  1062
               +---------+---------+-------+---------+---------+-------+---------
